 Dungeon Sprint DCSS version 0.23.1 (webtiles) character file.

Game seed: 12608821272005476514

1275 nuthulu the Grappler (level 8, -1/138 HPs)
             Began as a Troll Berserker on Mar 4, 2019.
             Was an Elder of Trog.
             Slain by a polar bear (3 damage)
             ... in the Dungeon (Sprint II: "The Violet Keep of Menkaure").
             The game lasted 00:02:24 (457 turns).

nuthulu the Grappler (Troll Berserker)               Turns: 457, Time: 00:02:24

Health: -1/138     AC:  6    Str: 33    XL:     8   Next: 28%
Magic:  7/7        EV: 13    Int:  3    God:    Trog [****..]
Gold:   34         SH:  0    Dex:  9    Spells: 7/7 levels left

rFire    . . .     SeeInvis .     - Unarmed
rCold    . . .     Gourm    +   (no shield)
rNeg     . . .     Faith    .   a - +0 animal skin
rPois    +         Spirit   .   (helmet restricted)
rElec    .         Reflect  .   (no cloak)
rCorr    .         Harm     .   (gloves unavailable)
MR       .....     NoTele   +   (boots unavailable)
Stlth    ..........             (no amulet)
HPRegen  0.73/turn              i - ring of poison resistance
MPRegen  0.10/turn              j - ring of flight

@: berserking, very quick
A: large, unfitting armour, claws 3, fast metabolism 3, gourmand, regeneration
1, shaggy fur 1, tough skin 3
a: Berserk, Trog's Hand, Brothers in Arms, Renounce Religion, Evoke Flight


You were in the Dungeon.
You worshipped Trog.
Trog was greatly pleased with you.
You were full.

You visited 1 branch You collected 729 gold pieces.
You spent 695 gold pieces at shops.

Inventory:

Armour
 a - a +0 animal skin (worn)
Jewellery
 i - a ring of poison resistance (left claw)
 j - a ring of flight (right claw)
Scrolls
 h - a scroll of blinking
Potions
 c - a potion of curing
 d - 4 potions of heal wounds
 e - a potion of haste
 f - 2 potions of magic
 g - a potion of berserk rage
Comestibles
 b - 2 rations


   Skills:
 + Level 9.3 Fighting
 + Level 9.3 Dodging
 + Level 11.0 Unarmed Combat


You had 7 spell levels left.
You didn't know any spells.
Your spell library was empty.

Dungeon Overview and Level Annotations

Branches:
Dungeon (1/1)

Altars:
Cheibriados
Dithmenos
Elyvilon
Fedhas
Gozag
Hepliaklqana
Kikubaaqudgha
Makhleb
Nemelex Xobeh
Okawaru
Qazlal
Ru
Sif Muna
Trog
Uskayaw
Vehumet
Wu Jian
Xom
Yredelemnul
Zin
The Shining One
Beogh
Jiyva
Lugonu

Shops:
D *:=!=}[:[?(%!!%[

Annotations:
D exclusion: oklob plant


Innate Abilities, Weirdness & Mutations

You are too large for most types of armour.
You have claws for hands.
Your metabolism is lightning-fast.
You like to eat raw meat.
Your natural rate of healing is unusually fast.
You are covered in fur. (AC +1)
You have extremely tough skin. (AC +3)


Message History

* * * LOW HITPOINT WARNING * * *
The polar bear claws you.
* * * LOW HITPOINT WARNING * * *
The polar bear closely misses you.
You claw the polar bear!
The polar bear is almost dead.
The polar bear bites you!
* * * LOW HITPOINT WARNING * * *
The polar bear claws you.
* * * LOW HITPOINT WARNING * * *
The polar bear claws you but does no damage.
The polar bear misses you. The polar bear closely misses you.
The polar bear barely misses you. The yaktaur barely misses you.
You completely miss the polar bear.
The polar bear is almost dead.
The polar bear barely misses you. The polar bear claws you.
* * * LOW HITPOINT WARNING * * *
The polar bear claws you but does no damage.
The polar bear closely misses you. The polar bear claws you.
You die...

'###.##..# +..# .# $%$
.##.#.#..# #^.# .#▓($!?
<.'###+..### ..##.#▓(%(!
.##.#.#....###...##▓▓▓▓▓
+# #.##...§..≈≈≈≈≈≈≈≈≈≈≈
#w ###≈≈.§§..≈#†########
..#≈§§≈≈≈§..≈#_._._...#
.##≈≈≈§≈§≈§.≈#hhc_._._#
##≈≈≈§§≈§§≈≈§#_@_._._.#
≈≈≈≈≈≈§§§§≈≈≈#._._._._#
+++#≈≈≈≈§≈≈§≈#.._._._.#
##≈§§###≈≈#..._._._#
#≈≈#...._._.#
#≈≈#....._..#
≈≈≈##########
#####≈≈≈≈≈≈≈§§


You could see 2 polar bears and a yaktaur.

Vanquished Creatures
  A merfolk siren (D)
  A polar bear (D)
  A hornet (D)
  2 hippogriffs (D)
  Menkaure (D)
  4 worker ants (D)
10 creatures vanquished.

Vanquished Creatures (others)
  A crocodile (D)
1 creature vanquished.

Grand Total: 11 creatures vanquished

Notes
Turn   | Place    | Note
-------+----------+-------------------------------------------
     0 | D        | nuthulu the Troll Berserker began the quest for the Orb.
     0 | D        | Reached XP level 1. HP: 22/22 MP: 0/0
     1 | D        | Noticed a merfolk siren
    12 | D        | Killed a merfolk siren
    12 | D        | Reached skill level 8 in Unarmed Combat
    12 | D        | Reached XP level 2. HP: 32/37 MP: 1/1
    12 | D        | Reached XP level 3. HP: 39/45 MP: 2/2
    12 | D        | Reached XP level 4. HP: 46/53 MP: 3/3
    12 | D        | Reached XP level 5. HP: 53/61 MP: 4/4
    12 | D        | Reached XP level 6. HP: 59/68 MP: 5/5
    26 | D        | Noticed a hippogriff
    26 | D        | Noticed a hippogriff
    30 | D        | Noticed a tyrant leech
    30 | D        | Noticed a tyrant leech
    41 | D        | Reached ** piety under Trog
   198 | D        | Killed a hippogriff
   198 | D        | Reached *** piety under Trog
   198 | D        | Reached skill level 9 in Unarmed Combat
   198 | D        | Reached XP level 7. HP: 75/79 MP: 6/6
   203 | D        | Killed a hippogriff
   203 | D        | Reached skill level 10 in Unarmed Combat
   311 | D        | Found Coseso Rihu's Antique Armour Shop.
   311 | D        | Found Peadajog's Distillery.
   311 | D        | Found Jyumyqadgh's Food Boutique.
   311 | D        | Found Gutifiny's Food Shop.
   312 | D        | Found Laguam's Antique Weapon Shop.
   312 | D        | Found Mituontu's Magic Scroll Boutique.
   312 | D        | Found Reef's Antique Armour Shop.
   312 | D        | Found Iroa's Book Boutique.
   313 | D        | Found Keixim's Gadget Boutique.
   313 | D        | Found Jallecenk's Jewellery Shop.
   315 | D        | Found Negh's Distillery.
   315 | D        | Found Hionemuck's Antique Armour Boutique.
   315 | D        | Noticed a manticore
   316 | D        | Found Oliqaf's Distillery.
   316 | D        | Found Uzotis's Jewellery Shop.
   316 | D        | Noticed Menkaure
   316 | D        | Noticed a manticore
   316 | D        | Noticed a manticore
   316 | D        | Noticed an oklob plant
   317 | D        | Found Woisoomp's Book Shoppe.
   317 | D        | Found Napnueq's Assorted Antiques.
   327 | D        | Killed Menkaure
   349 | D        | Noticed a shining eye
   349 | D        | Noticed a shining eye
   350 | D        | Noticed a shining eye
   354 | D        | Noticed a wyvern
   357 | D        | Bought an uncursed ring of poison resistance for 220 gold
                  | pieces
   364 | D        | Noticed a wyvern
   368 | D        | Bought a potion of heal wounds for 60 gold pieces
   368 | D        | Bought a potion of heal wounds for 60 gold pieces
   371 | D        | Bought a potion of heal wounds for 55 gold pieces
   371 | D        | Bought a potion of heal wounds for 55 gold pieces
   380 | D        | Bought an uncursed ring of flight for 245 gold pieces
   408 | D        | Found an iron altar of Okawaru.
   408 | D        | Found an opulent altar of Gozag.
   409 | D        | Found a sparkling altar of Nemelex Xobeh.
   409 | D        | Found a blossoming altar of Fedhas.
   410 | D        | Found a radiant altar of Vehumet.
   410 | D        | Found a burning altar of Makhleb.
   410 | D        | Found a white marble altar of Elyvilon.
   411 | D        | Found a hide-covered altar of Uskayaw.
   411 | D        | Found a corrupted altar of Lugonu.
   411 | D        | Found a shadowy altar of Dithmenos.
   412 | D        | Found a glowing silver altar of Zin.
   412 | D        | Found a bloodstained altar of Trog.
   412 | D        | Found an ancient bone altar of Kikubaaqudgha.
   413 | D        | Found a basalt altar of Yredelemnul.
   413 | D        | Found a deep blue altar of Sif Muna.
   413 | D        | Found a viscous altar of Jiyva.
   414 | D        | Found a shimmering altar of Xom.
   414 | D        | Found a sacrificial altar of Ru.
   416 | D        | Found a glowing golden altar of the Shining One.
   416 | D        | Found an ornate altar of the Wu Jian Council.
   416 | D        | Found a stormy altar of Qazlal.
   416 | D        | Found a snail-covered altar of Cheibriados.
   416 | D        | Found a hazy altar of Hepliaklqana.
   416 | D        | Noticed a hornet
   416 | D        | Noticed a polar bear
   416 | D        | Noticed a polar bear
   417 | D        | Found a roughly hewn altar of Beogh.
   417 | D        | Noticed a yaktaur
   417 | D        | Noticed a polar bear
   438 | D        | Killed a hornet
   438 | D        | Reached XP level 8. HP: 80/92 MP: 7/7
   448 | D        | Killed a polar bear
   448 | D        | Reached **** piety under Trog
   448 | D        | Reached skill level 11 in Unarmed Combat
   457 | D        | HP: 2/138 [polar bear (5)]
   457 | D        | Slain by a polar bear

Skill      XL: |  1  2  3  4  5  6  7  8 |
---------------+-------------------------+-----
Fighting       | 6 7 9 |  9.3
Dodging        | 6 7 9 |  9.3
Unarmed Combat | 8 9 10 11 | 11.0

Action                   |  1- 3 |  4- 6 |  7- 9 || total
-------------------------+-------+-------+-------++-------
Melee: Unarmed           |    10 |    22 |    28 ||    60
       Punch             |       |       |     2 ||     2
Invok: Trog's Hand       |       |       |     2 ||     2
       Berserk           |       |       |     1 ||     1
  Use: Potion            |       |       |     1 ||     1
  Eat: Chunk             |       |     7 |     1 ||     8
Armor: Animal skin       |     1 |     4 |    16 ||    21
Dodge: Dodged            |       |     9 |    36 ||    45
